 Dungeon Crawl Stone Soup version 0.19-a0-49-gb8736b8 (webtiles) character file.

148 M4edhros the Insei (level 5, -10/31 HPs)
             Began as an Octopode Necromancer on May 6, 2016.
             Mangled by an ogre
             ... wielding a +0 giant spiked club
              (25 damage)
             ... on level 5 of the Dungeon.
             The game lasted 00:05:59 (1331 turns).

M4edhros the Insei (Octopode Necromancer)           Turns: 1331, Time: 00:06:00

Health: -10/31     AC:  1    Str:  5 (7)  XL:     5   Next: 30%
Magic:  6/8        EV: 12    Int: 16 (18) God:
Gold:   96         SH:  0    Dex: 12 (13) Spells: 3 memorised, 3 levels left

rFire  . . .     SeeInvis .       - Unarmed
rCold  . . .     Gourm    .     (no shield)
rNeg   . . .     Faith    .     (helmet restricted)
rPois  .         Spirit   .     (no amulet)
rElec  .         Dismiss  .     (no ring)
rCorr  .         Reflect  .     (no ring)
SustAt .         Harm     .     (no ring)
MR     .....                    (no ring)
Stlth  +++.......               (no ring)
                                (no ring)
                                (no ring)
                                (no ring)

@: not resistant to hostile enchantments, fairly stealthy
A: almost no armour, amphibious, 8 rings, constrict 8, camouflage 1, gelatinous
body 1
a: no special abilities


You were on level 5 of the Dungeon.
You were hungry.

You visited 1 branch of the dungeon, and saw 5 of its levels.

You collected 96 gold pieces.

Inventory:

Wands
 c - a wand of iceblast (10/15)
 e - a wand of digging (14/24)
Scrolls
 h - a scroll of enchant armour
 j - 2 scrolls of enchant weapon {unknown}
 k - a scroll of amnesia {unknown}
Potions
 d - 2 potions of flight
 i - 2 potions of magic
Books
 a - a book of Necromancy

   Spells                             Type                      Level
   a - Pain                           Necromancy                   1
   b - Animate Skeleton               Necromancy                   1
   c - Vampiric Draining              Necromancy                   3
   d - Regeneration                   Charms/Necromancy            3
   e - Animate Dead                   Necromancy                   4
   f - Control Undead                 Necromancy                   4
Comestibles
 b - a bread ration
 g - a slice of pizza


   Skills:
 - Level 2.0 Dodging
 - Level 2.6 Stealth
 + Level 4.8 Unarmed Combat
 - Level 2.0 Spellcasting
 - Level 4.0 Necromancy


You had 3 spell levels left.
You knew the following spells:

 Your Spells              Type           Power        Failure   Level  Hunger
a - Pain                  Necr           ##..         4%          1    #......
b - Animate Skeleton      Necr           N/A          4%          1    #......
r - Regeneration          Chrm/Necr      #.........   28%         3    ###....


Dungeon Overview and Level Annotations

Branches:
Dungeon (5/15)
 Temple: D:4-7

Altars:
Dithmenos
Vehumet


Innate Abilities, Weirdness & Mutations

You cannot wear most types of armour.
You are amphibious.
You can wear up to eight rings at the same time.
You can use your tentacles to constrict eight enemies at once.
Your skin changes colour to match your surroundings (Stealth).
Your rubbery body absorbs attacks (AC +1).


Message History

Found a stone staircase leading down.
An ogre comes into view. It is wielding a giant spiked club.
The ogre shouts!
Found 19 poisoned needles.
You see here 16 gold pieces.
Evoke which item? (* to show all) (? for menu, Esc to quit)
Okay, then.
Drink which item? (? for menu, Esc to quit)
Okay, then.
Read which item? (? for menu, Esc to quit)
Okay, then.
Evoke which item? (* to show all) (? for menu, Esc to quit)
Okay, then.
Your magical contamination has completely faded away.
The ogre hits you with a giant spiked club!
Ouch! That really hurt!
You see here a chain mail.
The ogre hits you with a giant spiked club!!
Ouch! That really hurt!
You die...

##...#......#####..........
................#..........
....................#......
....................#...$O.
......(.....O[.............
...........###......#####.#
...........#........+...#..
####.......#O.......#......
#......@#...............
#.......O...............
#...........##..........
#...........######......
#.............<# #......
#........###.### #......
########.....# #......
#.##### #...... ### #......


You could see an ogre.

Vanquished Creatures
  A crimson imp (D:5)
  A worker ant (D:5)
  6 adders
  An ooze (D:3)
  A worm (D:3)
  A dart slug (D:1)
  The ghost of M4edhros the Grave Robber, a weakling OpNe (D:3)
  A giant gecko (D:3)
  An orc (D:3)
  A giant cockroach (D:4)
  5 goblins
  A hobgoblin (D:2)
  2 jackals (D:3)
  4 bats
  A kobold (D:3)
  A rat (D:2)
29 creatures vanquished.

Notes
Turn   | Place    | Note
--------------------------------------------------------------
     0 | D:1      | M4edhros the Octopode Necromancer began the quest for the Orb.
     0 | D:1      | Reached XP level 1. HP: 11/11 MP: 3/3
    26 | D:1      | Reached skill level 1 in Unarmed Combat
    79 | D:2      | Reached XP level 2. HP: 2/17 MP: 0/5
   174 | D:2      | Found a shadowy altar of Dithmenos.
   430 | D:3      | Reached XP level 3. HP: 14/21 MP: 0/6
   433 | D:3      | Learned a level 1 spell: Animate Skeleton
   437 | D:3      | Learned a level 3 spell: Regeneration
   555 | D:3      | Noticed M4edhros's ghost (weakling OpNe)
   562 | D:3      | Killed M4edhros's ghost
   630 | D:3      | Reached XP level 4. HP: 19/27 MP: 4/7
  1176 | D:4      | Found a radiant altar of Vehumet.
  1225 | D:5      | Entered Level 5 of the Dungeon
  1249 | D:5      | Reached XP level 5. HP: 28/31 MP: 8/8
  1263 | D:5      | Noticed an ogre
  1291 | D:5      | Noticed an ogre
  1331 | D:5      | Mangled by an ogre

Vault maps used:
D:1:      scummos_arrival_star, minmay_misc_feat_doors
D:2:      grunt_dithmenos_smoke_and_mirrors, minmay_quantized
D:4:      kennysheep_little_box, lemuel_crystal_altar
D:5:      kennysheep_windowed_halls, first_bread

Skill      XL: |  1  2  3  4 |
---------------+-------------+-----
Unarmed Combat | 1 2 3 4 |  4.8
Dodging        | |  2.0
Stealth        | |  2.6
Spellcasting   | |  2.0
Necromancy     | |  4.0

Action                   |  1- 3 |  4- 6 || total
-------------------------+-------+-------++-------
Melee: Unarmed           |    28 |    31 ||    59
       Tentacles         |     7 |     7 ||    14
       Constrict         |     6 |     5 ||    11
 Cast: Pain              |    18 |    17 ||    35
       Regeneration      |     2 |     4 ||     6
       Animate Skeleton  |       |     1 ||     1
  Use: Scroll            |     3 |       ||     3
       Potion            |     1 |     2 ||     3
 Stab: Sleeping          |     1 |       ||     1
  Eat: Chunk             |       |     2 ||     2
Armor: Skin              |     6 |     1 ||     7
Dodge: Dodged            |    14 |    11 ||    25
